 Dungeon Crawl Stone Soup version 0.31-a0-7-g51783674b7 (webtiles) character file.

Game seed: 15401963361610298445

59 Pimp the Insei (level 4, -1/33 HPs)
             Began as a Merfolk Transmuter on May 5, 2023.
             Slain by Natasha (6 damage)
             ... on level 2 of the Dungeon.
             The game lasted 00:02:26 (1031 turns).

Pimp the Insei (Merfolk Transmuter)                 Turns: 1031, Time: 00:02:26

Health: -1/33      AC:  2    Str: 10    XL:     4   Next: 3%
Magic:  6/7        EV: 13    Int: 14    God:
Gold:   74         SH:  0    Dex: 14    Spells: 6/7 levels left

rFire   . . .        k - +0 spear
rCold   . . .        (no shield)
rNeg    . . .        a - +0 robe
rPois   .            m - melded +0 helmet
rElec   .            (no cloak)
rCorr   .            (no gloves)
SInv    .            (boots currently unavailable)
Will    .....        (no amulet)
Stlth   +            (no ring)
HPRegen 0.25/turn    (no ring)
MPRegen 0.10/turn

%: no passive effects
@: appendages
A: horns 2, (nimble swimmer 2), mertail
a: End Transformation


You were on level 2 of the Dungeon.
You had temporarily grown beastly horns.
You visited 1 branch of the dungeon, and saw 2 of its levels.

You collected 74 gold pieces.

Inventory:

Hand Weapons
 k - a +0 spear (weapon)
Armour
 a - a +0 robe (worn)
 m - a +0 helmet (melded)
Wands
 i - a wand of roots (5)
Scrolls
 h - 2 scrolls of enchant armour {unknown}
 j - a scroll of amnesia {unknown}
 l - a scroll of teleportation {unknown}
Potions
 b - a potion of lignification
 c - a potion of cancellation
 d - a potion of heal wounds {unknown}
 e - 3 potions of flight {unknown}
 f - a potion of mutation {unknown}
 g - 2 potions of might {unknown}


   Skills:
 + Level 2.0 Fighting
 + Level 3.4 Dodging
 + Level 3.7 Unarmed Combat
 + Level 2.4 Spellcasting
 + Level 3.4 Transmutations


You had 6 spell levels left.
You knew the following spells:

 Your Spells              Type           Power      Damage    Failure   Level
a - Beastly Appendage     Tmut           22%        N/A       5%          1

Your spell library contained the following spells:

 Spells                   Type           Power      Damage    Failure   Level
 Wereblood                Tmut           11%        N/A       9%          2
 Shock                    Conj/Air       4%         1d3       22%         1
 Spider Form              Tmut/Pois      6%         N/A       32%         3
 Swiftness                Air            1%         N/A       56%         3
 Ice Form                 Ice/Tmut       6%         N/A       73%         4
 Airstrike                Air            0%         2d(1-17)  92%         4


Dungeon Overview and Level Annotations

Branches:
Dungeon (2/15)

Altars:

Annotations:
D:2 Natasha


Innate Abilities, Weirdness & Mutations

You have temporarily grown beastly horns.
((You are very nimble when in or above water. (Stealth+, EV+, Speed+++)))
Your lower body shifts to a powerful aquatic tail in water.


Message History

You kill the worm!
You have reached level 4!
Your transformation is almost over.
Your horns disappear.
You see here a +0 spear.
k - a +0 spear (weapon)
Found a helmet.
You see here a +0 helmet.
l - a scroll labelled OCRAAXEFUA You see here a +0 helmet.
Okay, then.
You start putting on your armour.
You continue putting on your +0 helmet. x4
You finish putting on your +0 helmet.
Natasha and a rat come into view.
Natasha moves out of view.
Natasha casts a spell at you. The magic dart hits you!
Natasha stares at you and mumbles some strange words.
The magic dart hits you!
Found an escape hatch in the ceiling.
The rat bites you.
You completely miss the rat. The rat misses you.
Casting: Beastly Appendage (safe; 5% risk of failure)
Confirm with . or Enter, or press ? or * to list all spells.
You grow a pair of large bovine horns.
Your +0 helmet melds into your body.
Natasha growls.
The rat closely misses you.
You hit Natasha but do no damage. Natasha claws you. The rat barely misses you.
You hit Natasha.
Natasha is moderately wounded.
Natasha barely misses you. The rat barely misses you.
You closely miss Natasha.
Natasha is moderately wounded.
Natasha barely misses you. The rat bites you.
* * * LOW HITPOINT WARNING * * *
Natasha claws you.
* * * LOW HITPOINT WARNING * * *
You hit Natasha but do no damage. Your punch misses Natasha.
Natasha is moderately wounded.
The rat barely misses you. Natasha claws you.
You die...

#######..# #$. #..#
#.# #..########.#
#...........#
#.#########.#
#.#########.###
#######.............#
#...........####h##.#
#.#####.....# #@# ..#
#.# #.....# #r.......
#.# #.....# #.#.<.###
#.# #.....# #.##.##
#.# ####.... ..# .#
#.# ###.#### . #.# .#
# #.# #.#


You could see Natasha and a rat.

Vanquished Creatures
  Jessica (D:2)
  A worm (D:2)
  3 dart slugs
  3 ball pythons (D:1)
  An endoplasm (D:1)
  A giant cockroach (D:1)
  2 goblins
  5 hobgoblins
  2 kobolds (D:1)
  2 bats (D:1)
  A frilled lizard (D:1)
  A rat (D:1)
23 creatures vanquished.

Notes
Turn   | Place    | Note
-------+----------+-------------------------------------------
     0 | D:1      | Pimp the Merfolk Transmuter began the quest for the Orb.
     0 | D:1      | Reached XP level 1. HP: 15/15 MP: 3/3
   169 | D:1      | Reached XP level 2. HP: 18/21 MP: 3/5
   591 | D:2      | Reached XP level 3. HP: 26/27 MP: 4/6
   795 | D:2      | Noticed Jessica
   803 | D:2      | Killed Jessica
   893 | D:2      | Reached XP level 4. HP: 30/33 MP: 5/7
  1020 | D:2      | Noticed Natasha
  1031 | D:2      | Slain by Natasha

Illustrated notes

Levels and vault maps discovered:
D:1:      wander_arrival_chamber, layout_rooms
D:2:      layout_loops_ring, serial_shops, shop, uniq_jessica, uniq_natasha

Skill      XL: |  1  2  3 |
---------------+----------+-----
Dodging        | 3 |  3.4
Transmutations | 3 |  3.4
Fighting       | 2 |  2.0
Unarmed Combat | |  3.7
Spellcasting   | |  2.4

Action                     |  1- 3 |  4- 6 || total
---------------------------+-------+-------++-------
  Melee: Unarmed           |    76 |       ||    76
         Headbutt          |    12 |       ||    12
         Punch             |     1 |       ||     1
         Spear             |       |     5 ||     5
   Cast: Beastly Appendage |    13 |     1 ||    14
    Use: Scroll            |     1 |       ||     1
 Armour: Robe              |     9 |       ||     9
  Dodge: Dodged            |    51 |     7 ||    58

Table legend: (Time is in decaauts)
 A = Elapsed time spent in this place.
 B = Non-inter-level travel time spent in this place.
 C = Inter-level travel time spent in this place.
 D = Time resting spent in this place.
 E = Time spent auto-exploring this place.
 F = Levels seen in this place.
 G = Mean time per level.
                   A        B        C        D        E       F      G
               +--------+--------+--------+--------+--------+-----+--------+
         Total |   1026 |    996 |     30 |     86 |    665 |   2 |  513.0 |
       Dungeon |   1026 |    996 |     30 |     86 |    665 |   2 |  513.0 |
               +--------+--------+--------+--------+--------+-----+--------+

Top non-repeatable levels by time:
     D:1: 549 daAuts
     D:2: 477 daAuts
